 Dungeon Crawl Stone Soup version 0.31-a0-198-g2ad674f65e (webtiles) character file.

Game seed: 8559089059075327594

74 qw the Shooter (level 4, -2/25 HPs)
             Began as a Deep Elf Hunter on June 25, 2023.
             Killed by divine providence
             ... invoked by an orc priest
              (10 damage)
             ... on level 3 of the Dungeon.
             The game lasted 00:00:44 (2307 turns).

qw the Shooter (Deep Elf Hunter)                    Turns: 2307, Time: 00:00:45

Health: -2/25      AC:  8    Str: 10    XL:     4   Next: 9%
Magic:  6/6        EV: 11    Int: 14    God:
Gold:   69         SH:  5    Dex: 18    Spells: 3/3 levels left

rFire   . . .        Y - +0 shortbow
rCold   . . .        (shield currently unavailable)
rNeg    . . .        j - +0 ring mail
rPois   .            o - +0 helmet
rElec   .            h - +0 cloak
rCorr   .            n - +0 pair of gloves
SInv    +            (no boots)
Will    .....        b - amulet of reflection
Stlth   +            d - ring of see invisible
HPRegen 0.24/turn    (no ring)
MPRegen 0.10/turn

%: reflection
@: no status effects
A: no striking features
a: no special abilities


You were on level 3 of the Dungeon.
You visited 1 branch of the dungeon, and saw 3 of its levels.

You collected 69 gold pieces.


   Skills:
 - Level 1.5 Fighting
 + Level 7.5 Ranged Weapons
 - Level 2.4 Dodging
 - Level 1.2 Stealth


You had 3 spell levels left.
You didn't know any spells.
Your spell library was empty.

Inventory:

Hand Weapons
 Y - a +0 shortbow (weapon)
Armour
 f - a +0 pair of boots
 h - a +0 cloak (worn)
 j - a +0 ring mail (worn)
 n - a +0 pair of gloves (worn)
 o - a +0 helmet (worn)
Jewellery
 b - an amulet of reflection (around neck)
 d - a ring of see invisible (left hand)
Scrolls
 a - 2 scrolls of teleportation
 q - a scroll of amnesia {unknown}
Potions
 c - a potion of enlightenment {unknown}
 e - a potion of haste {unknown}
 g - a potion of heal wounds {unknown}
 i - a potion of cancellation {unknown}
 k - a potion of attraction {unknown}
 l - a potion of degeneration {unknown}
 m - a potion of magic {unknown}
 p - 2 potions of resistance {unknown}

Dungeon Overview and Level Annotations

Branches:
Dungeon (3/15)

Altars:
Dithmenos
Hepliaklqana

Shops:
D:1 [


Message History

Enter note:
Enter note:
Enter note:
Enter note:
Enter note:
Enter note: You shoot an arrow.
The arrow completely misses the orc.
The arrow closely misses the orc.
You shoot an arrow. The arrow barely misses the orc.
You shoot an arrow. The arrow closely misses the orc.
An orc priest comes into view. It is wielding a +0 flail.
You shoot an arrow. The arrow barely misses the orc.
You shoot an arrow. The arrow barely misses the orc.
The orc priest looks satisfied for a moment.
A rat comes into view.
You shoot an arrow. The arrow hits the orc.
The orc is heavily wounded.
You hear a shout!
The orc closely misses you.
The orc priest mumbles some strange prayers to Beogh against you.
Beogh smites you!
Ouch! That really hurt!
You shoot an arrow. The arrow barely misses the orc.
The orc hits you but does no damage.
You shoot an arrow. The arrow barely misses the orc.
The arrow hits the orc!
You kill the orc!
The orc barely misses you.
You shoot an arrow. The arrow closely misses the orc.
The orc hits you with a +0 short sword.
You shoot an arrow. The arrow hits the orc!
You kill the orc!
You shoot an arrow.
The arrow hits the orc priest but does no damage.
The orc priest calls down the wrath of Beogh upon you.
You barely resist. You shoot an arrow. The arrow hits the orc priest.
The orc priest is moderately wounded.
The orc priest invokes the aid of Beogh against you.
Beogh smites you!
You die...

#. # #)##. #. #. #. .... #. #.
#.# #.# #. #. .....# # #.###.
#######r#.... #..... #....@o)..#
#####.##.
############...(##.#)####........
...#.............#.............<#
#..#.##.............%####.###.#.#
........#.........##.# #.#......
#..#.####..#.........# #.#...#.#
#..#.####..#.........# #.#...#.#
...#.......#.#..#.##)# #.......#
#########.##.#.......# ###..%###


You could see an orc priest and a rat.

Vanquished Creatures
  An adder (D:2)
  A worm (D:3)
  A dart slug (D:2)
  4 orcs (D:3)
  7 endoplasms
  3 giant cockroaches
  8 goblins
  A hobgoblin (D:1)
  A jackal (D:3)
  3 quokkas (D:1)
  6 ball pythons
  7 bats
  3 frilled lizards
  2 kobolds
  4 rats
52 creatures vanquished.

Notes
Turn   | Place    | Note
-------+----------+-------------------------------------------
     0 | D:1      | qw the Deep Elf Hunter began the quest for the Orb.
     0 | D:1      | Reached XP level 1. HP: 12/12 MP: 3/3
     0 | D:1      | 0 ||| qw: Version: 0.3-a-22-g0ed2b0b
     0 | D:1      | 0 ||| qw: Game counter: 5027
     0 | D:1      | 0 ||| qw: Melee chars always use a shield: true
     0 | D:1      | 0 ||| qw: God list: Okawaru
     0 | D:1      | 0 ||| qw: Allow faded altars: false
     0 | D:1      | 0 ||| qw: Do Orc after clearing Dungeon:15 true
     0 | D:1      | 0 ||| qw: Do second Lair branch before Depths: true
     0 | D:1      | 0 ||| qw: Lair rune preference: random
     0 | D:1      | 0 ||| qw: Goals: Normal
     0 | D:1      | 0 ||| PLANNING D:1-11
    55 | D:1      | Found Vopno's Armour Shoppe.
    60 | D:1      | 60 ||| SHOPLISTING +0 ring mail of cold resistance (154
                  | gold, have 0).
    60 | D:1      | 60 ||| SHOPLISTING +1 hat (154 gold, have 0).
    60 | D:1      | 60 ||| SHOPLISTING +4 pair of gloves of Xeggu {SInv} (499
                  | gold, have 0).
   406 | D:1      | Reached XP level 2. HP: 16/16 MP: 4/4
   438 | D:1      | Reached skill level 6 in Ranged Weapons
   709 | D:1      | 709 ||| UPGRADING to +0 cloak.
   714 | D:1      | 714 ||| UPGRADING to +0 ring mail.
   724 | D:1      | 724 ||| DROPPING +0 leather armour.
   725 | D:1      | 725 ||| UPGRADING to +0 pair of gloves.
   730 | D:1      | 730 ||| READING 2 scrolls labelled EVOIBIU NEHUSM.
   735 | D:1      | 735 ||| READING scroll labelled ZEIDEO ATAUZYMN.
   736 | D:1      | 736 ||| DRINKING 2 fuming silvery potions.
   737 | D:1      | 737 ||| DROPPING scroll of butterflies.
   818 | D:2      | Found a faded altar of an unknown god.
   851 | D:2      | Reached XP level 3. HP: 14/20 MP: 5/5
  1251 | D:2      | You fall into a shaft and drop 1 floor!
  1299 | D:3      | Found a shadowy altar of Dithmenos.
  1301 | D:3      | Noticed a shadow
  1307 | D:3      | Reached skill level 7 in Ranged Weapons
  1307 | D:3      | Found a hazy altar of Hepliaklqana.
  1322 | D:3      | 1322 ||| UPGRADING to +0 helmet.
  1327 | D:3      | 1327 ||| READING scroll labelled BAIHUZ DEWONKEPH.
  1328 | D:3      | 1328 ||| READING scroll labelled WUIXKE EFEL.
  1328 | D:3      | Identified a scroll of acquirement
  1328 | D:3      | 1328 ||| ACQUIRING amulet of reflection
  1328 | D:3      | Acquired an amulet of reflection
  1330 | D:3      | 1330 ||| UPGRADING to amulet of reflection.
  1336 | D:3      | 1336 ||| Stepping ~*~*~tactically~*~*~ (cloud).
  1337 | D:3      | 1337 ||| DRINKING potion of curing.
  1337 | D:3      | 1337 ||| (to cure poison)
  1345 | D:3      | 1345 ||| Stepping ~*~*~tactically~*~*~ (cloud).
  1348 | D:3      | HP: 4/20 [poisoned by you (poison gas)]
  1352 | D:3      | HP: 1/20 [poisoned by you (poison gas)]
  1436 | D:3      | 1436 ||| STAIRDANCE
  1840 | D:2      | 1840 ||| UPGRADING to ring of see invisible.
  1841 | D:2      | 1841 ||| READING scroll labelled TANOIS XEZXEK.
  2181 | D:3      | Reached XP level 4. HP: 14/25 MP: 6/6
  2307 | D:3      | Killed from afar by an orc priest

Levels and vault maps discovered:
D:1:      wander_arrival_abandoned_jail, layout_loops_ring, serial_shops,
          nicolae_shop_stone, serial_forest, infiniplex_forest_split,
          infiniplex_forest_lined_1, infiniplex_forest_zigzag_2,
          infiniplex_forest_straight_3, infiniplex_forest_lined_3,
          infiniplex_forest_clump_medium, moated_statue, columned_hall_lemuel,
          nicolae_figureground_pulse
D:2:      layout_basic, chequers_ecumenical_altar_island
D:3:      layout_loops_cross, riverfiend_overflow_shadow_ancestor, st_stairs_5

Skill      XL: |  1  2  3 |
---------------+----------+-----
Ranged Weapons | 6 7 |  7.5
Fighting       | |  1.5
Dodging        | |  2.4
Stealth        | |  1.2

Action                     |  1- 3 |  4- 6 || total
---------------------------+-------+-------++-------
   Fire: Shortbow          |   122 |    15 ||   137
    Use: Scroll            |     5 |       ||     5
         Potion            |     2 |       ||     2
 Armour: Leather armour    |     1 |       ||     1
         Ring mail         |    14 |     2 ||    16
  Dodge: Dodged            |    15 |     2 ||    17
  Block: Other             |     9 |       ||     9

Table legend:
 A = Non-vault XP
 B = Vault XP
 C = Vault XP percentage of total XP
 D = Non-vault monster count
 E = Vault monster count
 F = Vault count percentage of total count
                 A         B        C        D         E       F
            +---------+---------+-------+---------+---------+-------
      Total |     102 |       4 |   3.8 |      50 |       2 |   3.8
            +---------+---------+-------+---------+---------+-------
        D:1 |      22 |       0 |   0.0 |      14 |       0 |   0.0
        D:2 |      50 |       0 |   0.0 |      22 |       0 |   0.0
        D:3 |      30 |       4 |  11.8 |      14 |       2 |  12.5
            +---------+---------+-------+---------+---------+-------
